 Dungeon Crawl Stone Soup version 0.21.1-1-g345015f (webtiles) character file.

176 inmateoo the Caller (level 5, -1/37 HPs)
             Began as a Demonspawn Summoner on Feb 8, 2018.
             Slain by a kobold
             ... wielding a +1 short sword of electrocution
              (20 damage)
             ... on level 3 of the Dungeon.
             The game lasted 00:06:12 (3304 turns).

inmateoo the Caller (Demonspawn Summoner)           Turns: 3304, Time: 00:06:12

Health: -1/37      AC: 12    Str:  9    XL:     5   Next: 30%
Magic:  9/9        EV: 11    Int: 17    God:
Gold:   187        SH:  0    Dex: 13    Spells: 3/9 levels left

rFire    . . .     SeeInvis .   i - +4 quarterstaff (chaos)
rCold    . . .     Gourm    .   (shield currently unavailable)
rNeg     . . .     Faith    .   f - +4 ring mail
rPois    .         Spirit   .   (no helmet)
rElec    .         Reflect  .   j - +0 cloak
rCorr    .         Harm     .   o - +0 pair of gloves
MR       .....                  p - +0 pair of boots
Stlth    +.........             (no amulet)
HPRegen  0.12/turn              (no ring)
MPRegen  0.11/turn              (no ring)

@: no status effects
A: demonic guardian 1
a: no special abilities


You were on level 3 of the Dungeon.
You were not hungry.

You visited 1 branch of the dungeon, and saw 3 of its levels.

You collected 187 gold pieces.

Inventory:

Hand Weapons
 e - a cursed +0 dagger
 i - a +4 quarterstaff of chaos (weapon)
Armour
 f - a +4 ring mail (worn)
 j - a +0 cloak (worn)
 o - a +0 pair of gloves (worn)
 p - a +0 pair of boots (worn)
Scrolls
 a - a scroll of teleportation
 d - a scroll of fog {unknown}
 g - a scroll of magic mapping
 l - 2 scrolls of identify {unknown}
 n - a scroll of amnesia {unknown}
Potions
 h - a potion of heal wounds {unknown}
 k - a potion of might {unknown}
 m - a potion of invisibility {unknown}
 q - 2 potions of curing {unknown}
 r - a potion of resistance {unknown}
Books
 b - a book of Callings

   Spells                             Type                      Level
   a - Summon Small Mammal            Summoning                    1
   b - Call Imp                       Summoning                    2
   c - Call Canine Familiar           Summoning                    3
   d - Summon Guardian Golem          Hexes/Summoning              3
   e - Summon Lightning Spire         Summoning/Air                4
   f - Summon Ice Beast               Ice/Summoning                4
Comestibles
 c - 4 rations


   Skills:
 + Level 1.3 Fighting
 + Level 0.7 Staves
 + Level 2.7 Dodging
 - Level 1.7 Stealth
 + Level 2.9 Spellcasting
 * Level 5.3 Summonings


You had 3 spell levels left.
You knew the following spells:

 Your Spells              Type           Power        Failure   Level  Hunger
a - Summon Small Mammal   Summ           ###.         5%          1    #......
b - Call Imp              Summ           ###.....     9%          2    ##.....
c - Call Canine Familiar  Summ           ###.....     17%         3    ###....


Dungeon Overview and Level Annotations

Branches:
Dungeon (3/15)

Altars:
Gozag


Innate Abilities, Weirdness & Mutations

A weak demonic guardian rushes to your aid.


Message History

You kill the orc!
Okay, then.
Items here: ))) [ ††
Found 20 bolts.
r - an inky potion
Found an escape hatch in the floor.
No target in view!
A kobold comes into view.
It is wielding a short sword of electrocution.
A kobold is nearby!
A kobold is nearby!
The kobold shouts!
The kobold throws a stone.
The stone closely misses you. The kobold hits you but does no damage.
You are electrocuted!
Ouch! That really hurt!
You are too injured to fight recklessly!
You are too injured to fight recklessly!
You barely miss the kobold. The kobold hits you but does no damage.
You are electrocuted!
Ouch! That really hurt!
You die...

####### ### ####>.....
..#
#.####.(..#########.#
#......#..@......##.#
#.####....#K.....##.##
##.#.#.###..#...######
#.# #.#.#.#
#....#....... #####.#
#.#.#.###..#..(######
...##.#
#.#.#......##.##
##.##.#
##.#.######.##.#
##.##.#
#..............#
##.##.#
#..######.#.####


You could see a kobold.

Vanquished Creatures
  An adder (D:3)
  A worm (D:3)
  3 dart slugs
  A leopard gecko (D:3)
  4 orcs (D:3)
  2 ball pythons
  4 giant cockroaches
  2 goblins
  5 hobgoblins
  4 jackals (D:3)
  2 quokkas
  3 bats
  A frilled lizard (D:2)
  3 kobolds
  2 rats (D:2)
38 creatures vanquished.

Vanquished Creatures (collateral kills)
  The ghost of shakethe the Changer, an amateur OpTm (D:3)
  Crazy Yiuf (D:2)
  2 adders (D:2)
  An ooze (D:1)
  2 leopard geckos
  A giant cockroach (D:3)
  6 goblins
  6 hobgoblins
  4 jackals (D:1)
  7 bats
  A frilled lizard (D:2)
  3 kobolds (D:1)
  5 rats
40 creatures vanquished.

Grand Total: 78 creatures vanquished

Notes
Turn   | Place    | Note
-------+----------+-------------------------------------------
     0 | D:1      | inmateoo the Demonspawn Summoner began the quest for the Orb.
     0 | D:1      | Reached XP level 1. HP: 13/13 MP: 3/3
   432 | D:1      | Gained mutation: A weak demonic guardian rushes to your aid. [demonic ancestry]
   432 | D:1      | Reached XP level 2. HP: 12/19 MP: 0/5
  1000 | D:1      | Learned a level 2 spell: Call Imp
  1444 | D:1      | Reached XP level 3. HP: 21/24 MP: 2/6
  1807 | D:2      | Found an opulent altar of Gozag.
  1910 | D:2      | Learned a level 3 spell: Call Canine Familiar
  2292 | D:2      | Found a runed door.
  2333 | D:2      | Noticed Crazy Yiuf
  2368 | D:2      | Killed Crazy Yiuf
  2368 | D:2      | Reached XP level 4. HP: 17/31 MP: 0/7
  2954 | D:3      | Reached skill level 5 in Summonings
  3172 | D:3      | Noticed shakethe's ghost (amateur OpTm)
  3207 | D:3      | Killed shakethe's ghost
  3207 | D:3      | Reached skill level 1 in Fighting
  3207 | D:3      | Reached XP level 5. HP: 37/37 MP: 2/9
  3304 | D:3      | Slain by a kobold

Skill      XL: |  1  2  3  4 |
---------------+-------------+-----
Dodging        | 2 |  2.7
Summonings     | 5 |  5.3
Fighting       | 1 |  1.3
Staves         | |  0.7
Stealth        | |  1.7
Spellcasting   | |  2.9

Action                   |  1- 3 |  4- 6 || total
-------------------------+-------+-------++-------
Melee: Unarmed           |   237 |       ||   237
       Quarterstaff      |       |    57 ||    57
 Cast: Summon Small Mamm |    26 |       ||    26
       Call Imp          |    15 |     1 ||    16
       Call Canine Famil |     2 |     1 ||     3
  Use: Scroll            |     6 |       ||     6
       Potion            |     1 |       ||     1
 Stab: Distracted        |     2 |       ||     2
       Sleeping          |     1 |     1 ||     2
  Eat: Chunk             |     6 |     4 ||    10
Armor: Robe              |    26 |       ||    26
       Ring mail         |   142 |    24 ||   166
Dodge: Dodged            |   243 |    40 ||   283
